[Event "11th LCC Rapid 2019"]
[Site "London"]
[Date "2019.12.07"]
[Round "3.13"]
[White "Dupuis, Denis K"]
[Black "Cordes, Hans-Joerg"]
[Result "0-1"]
[WhiteElo "1599"]
[BlackElo "2207"]
[PlyCount "60"]
[EventDate "2019.12.08"]
[EventType "swiss"]
[EventCountry "ENG"]
[TimeControl "15+10"]

1. e4 e6 2. d4 d5 3. exd5 exd5 4. Nf3 Nc6 5. Bb5 Bd6 6. c4 a6 7. Bxc6+ bxc6 8. c5 Be7 9. O-O Bf6 10. Re1+ Ne7 11. Bf4 O-O 12. Nbd2 Rb8 13. Qc2 Bf5 14. Qc3 h6 15. Ne5 g5 16. Bg3 Bg7 17. b3 f6 18. Nef3 Qd7 19. Qa5 Rb7 20. Qxa6 Rfb8 21. Qe2 Ng6 22. Rac1 h5 23. h4 g4 24. Nh2 Bh6 25. Nhf1 Rb4 26. Ne3 Rxd4 27. Nxf5 Qxf5 28. Red1 Kf7 29. Bxc7 Re8 30. Qf1 Bxd2 0-1

[Event "11th LCC Rapid 2019"]
[Site "London"]
[Date "2019.12.07"]
[Round "3.14"]
[White "Conway, Paul Bernard"]
[Black "Richardson, John R"]
[Result "0-1"]
[WhiteElo "1837"]
[BlackElo "2241"]
[PlyCount "62"]
[EventDate "2019.12.08"]
[EventType "swiss"]
[EventCountry "ENG"]
[TimeControl "15+10"]

1. e4 c6 2. d4 d5 3. exd5 cxd5 4. Bd3 Nc6 5. c3 Qc7 6. h3 Nf6 7. Nf3 g6 8. Qc2 Bg7 9. O-O O-O 10. Re1 Bd7 11. Nbd2 Rac8 12. a3 Nh5 13. Nf1 e5 14. dxe5 Nxe5 15. Nxe5 Bxe5 16. Bh6 Rfe8 17. Rad1 d4 18. c4 b5 19. Rc1 bxc4 20. Qxc4 Qd6 21. Qa6 Rc6 22. Qxa7 Rxc1 23. Rxc1 Nf4 24. Bxf4 Bxf4 25. Rc4 Be5 26. a4 Be6 27. Rc5 Rb8 28. Rb5 Rc8 29. b4 Rc3 30. Be4 Rc1 31. Rc5 Bh2+ 0-1

[Event "11th LCC Rapid 2019"]
[Site "London"]
[Date "2019.12.07"]
[Round "3.15"]
[White "Brozel, Sacha"]
[Black "Clarke, Connor"]
[Result "1-0"]
[WhiteElo "2188"]
[BlackElo "1704"]
[PlyCount "95"]
[EventDate "2019.12.08"]
[EventType "swiss"]
[EventCountry "ENG"]
[TimeControl "15+10"]
[WhiteClock "0:01:15"]
[BlackClock "0:04:32"]

1. g3 Nf6 2. Bg2 d5 3. Nf3 c5 4. O-O e6 5. c4 Be7 6. d4 dxc4 7. dxc5 O-O 8. Qc2 Bxc5 9. Nbd2 Nc6 10. Nxc4 Nb4 11. Qb1 Qc7 12. b3 b5 13. Bf4 Qe7 14. Nfe5 Bb7 15. a3 Bxg2 16. Kxg2 Qb7+ 17. Nf3 bxc4 18. axb4 Qxb4 19. bxc4 Qxc4 20. Rc1 Qb4 21. Ne5 Qxb1 22. Raxb1 Bd6 23. Rb7 g5 24. Nxf7 Rxf7 25. Rxf7 Bxf4 26. gxf4 Kxf7 27. fxg5 Nd5 28. e4 Ne7 29. f4 Rc8 30. Ra1 Rc2+ 31. Kg3 Nc6 32. f5 exf5 33. exf5 a5 34. h4 Rc3+ 35. Kg4 Rc4+ 36. Kh5 Ne7 37. Rxa5 Nc6 38. Ra6 Kg7 39. Rb6 Ne5 40. Rb7+ Kg8 41. g6 hxg6+ 42. fxg6 Nf3 43. Rb8+ Kg7 44. Rb7+ Kf6 45. Rf7+ Ke6 46. Rxf3 Rc8 47. g7 Rc5+ 48. Kg6 1-0

[Event "11th LCC Rapid 2019"]
[Site "London"]
[Date "2019.12.07"]
[Round "3.16"]
[White "Watson, Jacob"]
[Black "Walker, Samuel A"]
[Result "0-1"]
[WhiteElo "1922"]
[BlackElo "2039"]
[PlyCount "132"]
[EventDate "2019.12.08"]
[EventType "swiss"]
[EventCountry "ENG"]
[TimeControl "15+10"]
[WhiteClock "0:04:41"]
[BlackClock "0:01:04"]

1. d4 Nf6 2. Nf3 g6 3. Bf4 d5 4. e3 Bg7 5. h3 O-O 6. Bd3 c5 7. c3 Qb6 8. Qc2 Nc6 9. Nbd2 c4 10. Be2 Bf5 11. Qc1 Rfc8 12. O-O Qd8 13. Ne5 Nd7 14. Nxc6 Rxc6 15. f3 e5 16. dxe5 Nxe5 17. e4 dxe4 18. fxe4 Be6 19. Bxe5 Bxe5 20. Nf3 Qb6+ 21. Kh1 Bg7 22. e5 Rc5 23. Qe3 Rb5 24. Qxb6 axb6 25. b3 Bxe5 26. Bxc4 Bxc4 27. bxc4 Rc5 28. Rab1 Bc7 29. Nd2 Rxa2 30. Ne4 Re5 31. Nf6+ Kg7 32. Nd5 Bb8 33. Rbe1 Rxe1 34. Rxe1 Bg3 35. Rf1 Rb2 36. Nb4 h5 37. Nd5 h4 38. Kg1 b5 39. cxb5 Rxb5 40. Ne3 Rb2 41. Rf3 Rb1+ 42. Nf1 Rc1 43. Rd3 b6 44. Rf3 Be5 45. Kf2 Bxc3 46. Ne3 Bd4 47. Rf4 Rc2+ 48. Kf3 Bxe3 49. Kxe3 Rxg2 50. Rxh4 Rb2 51. Kd3 Rb3+ 52. Kc4 Rb1 53. Rd4 f5 54. h4 Re1 55. Kb5 Re4 56. Rd7+ Kh6 57. Kxb6 Rxh4 58. Kc5 Re4 59. Rd2 g5 60. Kd5 g4 61. Rf2 Kg5 62. Rb2 Re8 63. Rb7 g3 64. Rg7+ Kf4 65. Kd4 Kf3 66. Rg5 f4 0-1

[Event "11th LCC Rapid 2019"]
[Site "London"]
[Date "2019.12.07"]
[Round "3.17"]
[White "Mitra, Roman C"]
[Black "Jain, Gautam"]
[Result "1-0"]
[WhiteElo "2132"]
[BlackElo "1900"]
[PlyCount "79"]
[EventDate "2019.12.08"]
[EventType "swiss"]
[EventCountry "ENG"]
[TimeControl "15+10"]
[WhiteClock "0:04:45"]
[BlackClock "0:09:24"]

1. c4 f5 2. g3 Nf6 3. Bg2 d6 4. Nc3 e5 5. d3 g6 6. Nf3 Bg7 7. O-O O-O 8. Rb1 c6 9. b4 Nbd7 10. a4 d5 11. cxd5 cxd5 12. Qb3 Kh8 13. Nxd5 e4 14. dxe4 fxe4 15. Ng5 Ne5 16. Nxf6 Qxf6 17. Nxe4 Qb6 18. Be3 Qa6 19. b5 Qa5 20. f4 Ng4 21. Bc5 Re8 22. Nd6 Be6 23. Qa3 Rf8 24. Nxb7 Qd2 25. Bxf8 Rxf8 26. Rbd1 Qxe2 27. Qd3 Qa2 28. Rd2 Qxa4 29. Nc5 Qc4 30. Nxe6 Qxe6 31. h3 Nf6 32. Kh2 Rb8 33. Rc1 Qb6 34. Rc6 Qa5 35. Ra6 Qc7 36. Bc6 h5 37. Qxg6 Rd8 38. Rxd8+ Qxd8 39. Rxa7 Qd2+ 40. Bg2 1-0

[Event "11th LCC Rapid 2019"]
[Site "London"]
[Date "2019.12.07"]
[Round "3.18"]
[White "Rahman, Asad"]
[Black "Watson, Mikey J"]
[Result "1-0"]
[WhiteElo "2200"]
[BlackElo "1973"]
[PlyCount "103"]
[EventDate "2019.12.08"]
[EventType "swiss"]
[EventCountry "ENG"]
[TimeControl "15+10"]
[WhiteClock "0:01:41"]
[BlackClock "0:04:24"]

1. e4 c6 2. d4 d5 3. Nc3 dxe4 4. Nxe4 Nf6 5. Ng3 g6 6. Nf3 Bg7 7. h3 O-O 8. Bc4 Nbd7 9. O-O b5 10. Bd3 Nd5 11. a4 Qb6 12. c3 a6 13. axb5 cxb5 14. Re1 Bb7 15. Bg5 Rfe8 16. Qd2 e5 17. dxe5 Nxe5 18. Nxe5 Bxe5 19. Be3 Nxe3 20. Qxe3 Qxe3 21. Rxe3 Bxg3 22. Rxg3 Rad8 23. c4 Re5 24. cxb5 axb5 25. Ra5 Bc6 26. Ra6 Be4 27. f4 Re7 28. Bxe4 Rxe4 29. f5 Re2 30. b3 Kf8 31. Rb6 Re5 32. fxg6 hxg6 33. Rf3 Rd7 34. Rxg6 Ke7 35. Rgf6 Ke8 36. Kh2 Re2 37. R6f5 b4 38. R5f4 Rb7 39. h4 Re5 40. Kh3 Kf8 41. Rg4 Ke7 42. g3 Ke6 43. Rff4 f5 44. Rg6+ Kf7 45. h5 Rb8 46. Kh4 Ke7 47. h6 Rh8 48. Kg5 Re3 49. Kxf5 Rf8+ 50. Kg4 Rxb3 51. Rxf8 Kxf8 52. h7 1-0

[Event "11th LCC Rapid 2019"]
[Site "London"]
[Date "2019.12.07"]
[Round "3.19"]
[White "Leslie, Alex"]
[Black "Karumazondo, Ragarirai Ernest"]
[Result "1-0"]
[WhiteElo "1875"]
[BlackElo "1900"]
[PlyCount "49"]
[EventDate "2019.12.08"]
[EventType "swiss"]
[EventCountry "ENG"]
[TimeControl "15+10"]
[WhiteClock "0:05:27"]
[BlackClock "0:09:17"]

1. d4 Nf6 2. c4 e5 3. dxe5 Ng4 4. Nf3 Bc5 5. e3 Nc6 6. Be2 O-O 7. O-O Ngxe5 8. Bd2 a5 9. Bc3 Re8 10. Nbd2 Nxf3+ 11. Nxf3 d6 12. Nd4 Bd7 13. Bf3 Qh4 14. Nxc6 bxc6 15. Qd3 Re6 16. g3 Qh3 17. Bg2 Qh5 18. Qd1 Qg5 19. h4 Qg6 20. Bd4 Bxd4 21. Qxd4 c5 22. Qd2 Qf6 23. Bxa8 c6 24. Qxa5 h5 25. Qc7 1-0

[Event "11th LCC Rapid 2019"]
[Site "London"]
[Date "2019.12.07"]
[Round "3.20"]
[White "Royal, Shreyas"]
[Black "Rushbrooke, Tibo"]
[Result "1-0"]
[WhiteElo "1941"]
[BlackElo "1730"]
[PlyCount "81"]
[EventDate "2019.12.08"]
[EventType "swiss"]
[EventCountry "ENG"]
[TimeControl "15+10"]
[WhiteClock "0:00:39"]
[BlackClock "0:04:09"]

1. d4 Nf6 2. c4 g6 3. Nc3 d5 4. cxd5 Nxd5 5. e4 Nxc3 6. bxc3 Bg7 7. Bc4 c5 8. Be3 Nc6 9. Ne2 O-O 10. O-O Na5 11. Bd3 b6 12. f3 e5 13. dxc5 Be6 14. cxb6 axb6 15. Qc2 Nc4 16. Bxc4 Bxc4 17. Rfd1 Qc7 18. a4 Rfd8 19. Rxd8+ Rxd8 20. Rd1 Bf8 21. Nc1 Be6 22. Nd3 Rc8 23. Qb2 Qxc3 24. Qxc3 Rxc3 25. Bxb6 Bb3 26. Rd2 Bh6 27. f4 exf4 28. Bd4 Rc4 29. Nb2 Rc1+ 30. Kf2 f3 31. Be3 Bxe3+ 32. Kxe3 Rc3+ 33. Kd4 fxg2 34. Rxg2 Rc2 35. Rxc2 Bxc2 36. a5 f5 37. exf5 gxf5 38. a6 Kf7 39. Nd3 Ba4 40. a7 Bc6 41. Ne5+ 1-0

[Event "11th LCC Rapid 2019"]
[Site "London"]
[Date "2019.12.07"]
[Round "3.21"]
[White "Ignatovic, Ernest"]
[Black "Ortiz Sanchez, Luis"]
[Result "1/2-1/2"]
[WhiteElo "1703"]
[BlackElo "1947"]
[PlyCount "147"]
[EventDate "2019.12.08"]
[EventType "swiss"]
[EventCountry "ENG"]
[TimeControl "15+10"]
[WhiteClock "0:03:31"]
[BlackClock "0:00:55"]

1. b3 e5 2. Bb2 Nc6 3. e3 Nf6 4. Bb5 Bd6 5. Ne2 O-O 6. O-O a6 7. Bxc6 dxc6 8. d3 Re8 9. e4 a5 10. a4 Nh5 11. Nd2 Qg5 12. Nc4 Bg4 13. Ne3 Nf4 14. Nxg4 Qxg4 15. Nxf4 Qxf4 16. g3 Qh6 17. Bc1 Qh3 18. f4 Bc5+ 19. Kh1 Bd4 20. Rb1 Rad8 21. Qf3 Rd7 22. fxe5 Rxe5 23. Bb2 Bxb2 24. Rxb2 Re6 25. Rbb1 c5 26. Rf2 b6 27. Qe3 Qh5 28. Rbf1 Qg6 29. Qd2 h6 30. Qc3 Rde7 31. Qc4 Kh7 32. Kg2 Rd7 33. Rf5 Rde7 34. Rd5 Qg4 35. Rf2 h5 36. Rdf5 f6 37. Qd5 Re5 38. Rxe5 Rxe5 39. Qf7 h4 40. Qxc7 h3+ 41. Kg1 Qd1+ 42. Rf1 Qxc2 43. Rf2 Qxd3 44. Qc8 Qb1+ 45. Rf1 Qxe4 46. Qxh3+ Kg8 47. Qc8+ Re8 48. Qc7 Qe3+ 49. Kg2 Qxb3 50. Qd7 Re2+ 51. Kh3 Qe6+ 52. Qxe6+ Rxe6 53. Rb1 Kf7 54. Kg4 g6 55. Kf4 Ke7 56. g4 Kd6 57. h4 Kc6 58. h5 gxh5 59. gxh5 c4 60. h6 Kc5 61. Kf5 Re2 62. Kxf6 c3 63. h7 Rh2 64. Kg7 c2 65. Rc1 Kb4 66. h8=Q Rxh8 67. Kxh8 Kxa4 68. Rxc2 Kb3 69. Rh2 a4 70. Rh3+ Kc2 71. Rh2+ Kc3 72. Rh3+ Kc2 73. Rh2+ Kc3 74. Rh3+ 1/2-1/2

[Event "11th LCC Rapid 2019"]
[Site "London"]
[Date "2019.12.07"]
[Round "3.22"]
[White "Thatte, Nishchal"]
[Black "Jezierski, Colum"]
[Result "1-0"]
[WhiteElo "1723"]
[BlackElo "1908"]
[PlyCount "75"]
[EventDate "2019.12.08"]
[EventType "swiss"]
[EventCountry "ENG"]
[TimeControl "15+10"]
[WhiteClock "0:06:04"]
[BlackClock "0:11:49"]

1. e4 g6 2. d4 Bg7 3. Nc3 c5 4. dxc5 Nc6 5. Be3 Qa5 6. Qd2 Nf6 7. Nf3 Ng4 8. h3 Nxe3 9. Qxe3 Nb4 10. Bd3 Nxd3+ 11. cxd3 Bxc3+ 12. bxc3 Qxc3+ 13. Ke2 b6 14. Rhc1 Qb2+ 15. Kf1 bxc5 16. Qxc5 O-O 17. Rcb1 Qf6 18. Kg1 d6 19. Qc6 Bxh3 20. e5 dxe5 21. Qxf6 exf6 22. gxh3 Rfd8 23. Rd1 Rac8 24. d4 e4 25. Nh2 Rd5 26. Ng4 Rg5 27. Kf1 f5 28. Nf6+ Kg7 29. h4 Kxf6 30. hxg5+ Kxg5 31. d5 h5 32. d6 Kf6 33. d7 Rd8 34. Rac1 h4 35. Rc8 Ke7 36. Rxd8 Kxd8 37. Kg2 g5 38. Rd5 1-0

[Event "11th LCC Rapid 2019"]
[Site "London"]
[Date "2019.12.07"]
[Round "3.23"]
[White "Kerr, Duncan"]
[Black "Phillips, David A"]
[Result "1-0"]
[WhiteElo "1902"]
[BlackElo "2055"]
[PlyCount "61"]
[EventDate "2019.12.08"]
[EventType "swiss"]
[EventCountry "ENG"]
[TimeControl "15+10"]
[WhiteClock "0:00:31"]
[BlackClock "0:02:15"]

1. e4 b6 2. d4 Bb7 3. Nc3 e6 4. Bd3 Nf6 5. f3 d5 6. e5 Nfd7 7. Nce2 c5 8. c3 Nc6 9. Be3 Be7 10. Nh3 a5 11. a3 Ba6 12. Bc2 Rc8 13. O-O Qc7 14. Rc1 Qb8 15. f4 g6 16. Rf3 c4 17. Nf2 Bd8 18. g4 h5 19. Rh3 Rg8 20. gxh5 gxh5+ 21. Kh1 h4 22. f5 Nf8 23. Nf4 Ne7 24. fxe6 fxe6 25. Qh5+ Kd7 26. Rxh4 Qb7 27. Qf7 Qc6 28. Rg1 Rxg1+ 29. Kxg1 Bc7 30. Rh8 Qa8 31. Ng4 1-0

[Event "11th LCC Rapid 2019"]
[Site "London"]
[Date "2019.12.07"]
[Round "3.25"]
[White "Sandhu, Manvith"]
[Black "Kuzhelev, Timur"]
[Result "0-1"]
[WhiteElo "1673"]
[BlackElo "1745"]
[PlyCount "95"]
[EventDate "2019.12.08"]
[EventType "swiss"]
[EventCountry "ENG"]
[TimeControl "15+10"]
[WhiteClock "0:09:16"]

1. e4 e5 2. Nf3 d5 3. exd5 e4 4. Ng1 Qxd5 5. Nc3 Qe6 6. Nge2 Bc5 7. Ng3 f5 8. Qe2 Nf6 9. d3 exd3 10. Qxe6+ Bxe6 11. Bxd3 g6 12. Bf4 Bb6 13. O-O Nc6 14. Rfe1 Kf7 15. a3 Rad8 16. Na4 h6 17. Nxb6 cxb6 18. Be5 Nxe5 19. Rxe5 Nd7 20. Ree1 Nc5 21. Be2 Rd2 22. b4 Nd7 23. Bd3 Rc8 24. Nf1 Rdxc2 25. Bxc2 Rxc2 26. Rac1 Ra2 27. Rc3 f4 28. g3 g5 29. gxf4 gxf4 30. Rf3 Nf6 31. Rc1 Nd5 32. Rd3 Kf6 33. Nd2 Kf5 34. Nb1 Nf6 35. Nc3 Rxa3 36. Rcd1 Bc4 37. Rh3 h5 38. Rc1 b5 39. Kg2 a5 40. bxa5 b4 41. Ne4 Bd5 42. Rxa3 bxa3 43. f3 Nxe4 44. fxe4+ Kxe4 45. Kf2 a2 46. Ke2 f3+ 47. Kd2 Kf4 48. Kd3 0-1

[Event "11th LCC Rapid 2019"]
[Site "London"]
[Date "2019.12.07"]
[Round "3.26"]
[White "Tombolis, Christopher"]
[Black "Onslow, Teddy"]
[Result "1/2-1/2"]
[WhiteElo "1875"]
[BlackElo "1746"]
[PlyCount "103"]
[EventDate "2019.12.08"]
[EventType "swiss"]
[EventCountry "ENG"]
[TimeControl "15+10"]
[WhiteClock "0:01:21"]
[BlackClock "0:01:01"]

1. d4 d5 2. c4 e6 3. Nc3 Nf6 4. Nf3 c6 5. e3 Bd6 6. Bd2 Nbd7 7. Rc1 O-O 8. Bd3 dxc4 9. Bxc4 b5 10. Bd3 Bb7 11. Ne4 Nxe4 12. Bxe4 Rc8 13. O-O Nf6 14. Bb1 a6 15. b4 Qe7 16. a3 e5 17. dxe5 Bxe5 18. Nxe5 Qxe5 19. Bc3 Qg5 20. f4 Qh6 21. Bxf6 Qxf6 22. Qd3 g6 23. f5 Qg5 24. fxg6 hxg6 25. Rc5 Qe7 26. Ba2 Kg7 27. Qc3+ f6 28. h4 Rfe8 29. e4 Rcd8 30. h5 Qd6 31. h6+ Kxh6 32. Rxf6 Qd1+ 33. Kh2 Rd3 34. Qc1+ Qxc1 35. Rxc1 Rxe4 36. Bb1 Rh4+ 37. Kg1 Rg3 38. Rf7 Bc8 39. Rxc6 Bh3 40. Rf2 Rhg4 41. Kh2 Bxg2 42. Rxg6+ Rxg6 43. Bxg6 Rxg6 44. Rxg2 Rxg2+ 45. Kxg2 Kg6 46. Kf2 Kf6 47. Ke2 Ke6 48. Kd2 Kd6 49. Ke2 Ke6 50. Kd2 Ke5 51. Ke3 Kd5 52. Kd3 1/2-1/2

[Event "11th LCC Rapid 2019"]
[Site "London"]
[Date "2019.12.07"]
[Round "3.27"]
[White "Zheng, William"]
[Black "Chakanyuka, Charles"]
[Result "1/2-1/2"]
[WhiteElo "1672"]
[BlackElo "1995"]
[PlyCount "173"]
[EventDate "2019.12.08"]
[EventType "swiss"]
[EventCountry "ENG"]
[TimeControl "15+10"]
[WhiteClock "0:01:13"]
[BlackClock "0:05:01"]

1. e4 d6 2. d4 Nf6 3. Nc3 c6 4. Nf3 Qa5 5. Bd2 e5 6. dxe5 dxe5 7. Bc4 Be7 8. O-O Qc7 9. h3 O-O 10. Qe2 b5 11. Bb3 a5 12. a4 b4 13. Nd1 Nbd7 14. Ne3 Nc5 15. Nc4 Ba6 16. Bg5 Nfxe4 17. Bxe7 Qxe7 18. Rfe1 Nxb3 19. cxb3 Nc5 20. Qe3 f6 21. Rac1 Ne6 22. Nb6 Rad8 23. Rxc6 Rd3 24. Nd5 Qd8 25. Qb6 Qxb6 26. Rxb6 Rxd5 27. Rxa6 Re8 28. Rc1 Re7 29. Rc8+ Kf7 30. Rca8 Rd3 31. Rxa5 Rxb3 32. Rb8 Rxb2 33. Rab5 Ra7 34. a5 Ra2 35. R8b7+ Rxb7 36. Rxb7+ Kg6 37. Rb6 b3 38. Rxe6 Ra1+ 39. Kh2 b2 40. Nd2 Rd1 41. Rb6 Rxd2 42. f3 Kf5 43. a6 Rd6 44. Rxb2 Rxa6 45. Rb7 Kg6 46. g4 Ra3 47. Kg2 Kh6 48. h4 Ra6 49. Re7 Kg6 50. Rd7 h5 51. gxh5+ Kh6 52. Rf7 Ra4 53. Kg3 Rf4 54. Rf8 Kxh5 55. Rh8+ Kg6 56. h5+ Kf7 57. h6 Rf5 58. hxg7 Rg5+ 59. Kf2 Rxg7 60. Ra8 Ke6 61. Ke3 Kf5 62. Ra1 Rb7 63. Ra5 Rb3+ 64. Kf2 Rb2+ 65. Ke3 Rb6 66. Rc5 Ke6 67. Ra5 Rb3+ 68. Kf2 Kf5 69. Rc5 Kg6 70. Ra5 Rb4 71. Ke3 Rf4 72. Rb5 Kg5 73. Rb8 Kf5 74. Rb5 Ke6 75. Ra5 Kd6 76. Rb5 Kc6 77. Ra5 Kb6 78. Rd5 Kc6 79. Ra5 Kd6 80. Rb5 Ra4 81. Rb6+ Ke7 82. Rb7+ Ke6 83. Rb6+ Kf5 84. Rb5 Ra3+ 85. Kf2 Rd3 86. Ke2 Ra3 87. Kf2 1/2-1/2

[Event "11th LCC Rapid 2019"]
[Site "London"]
[Date "2019.12.07"]
[Round "3.28"]
[White "Kirupakaran, Vishnu"]
[Black "Deaconu, Mihai-Ionut"]
[Result "1-0"]
[WhiteElo "1871"]
[BlackElo "1957"]
[PlyCount "155"]
[EventDate "2019.12.08"]
[EventType "swiss"]
[EventCountry "ENG"]
[TimeControl "15+10"]
[WhiteClock "0:14:02"]
[BlackClock "0:02:32"]

1. e4 e5 2. Nf3 Nc6 3. Bb5 a6 4. Ba4 Nf6 5. O-O Be7 6. Re1 b5 7. Bb3 d6 8. c3 O-O 9. d4 Bg4 10. d5 Nb8 11. h3 Bxf3 12. Qxf3 Nbd7 13. Nd2 Nc5 14. Bc2 h6 15. Nf1 Nfd7 16. Qg3 Bg5 17. Ne3 g6 18. b4 Nb7 19. a4 Nb6 20. axb5 axb5 21. Rxa8 Qxa8 22. h4 Bf4 23. Qf3 Qa2 24. Bd3 Nc4 25. Bxc4 bxc4 26. g3 Bxe3 27. Qxe3 f5 28. Qxh6 fxe4 29. Qxg6+ Kh8 30. Rf1 Qe2 31. Bh6 Rg8 32. Qf6+ Kh7 33. Bg5 Rg6 34. Qf7+ Rg7 35. Qf5+ Rg6 36. g4 Qf3 37. Qxf3 exf3 38. Ra1 Rg8 39. Ra7 Rb8 40. Kh2 Kg6 41. Kg3 Nd8 42. Bxd8 Rxd8 43. Rxc7 e4 44. Re7 Ra8 45. Rxe4 Ra3 46. Rxc4 Kf6 47. Kf4 Rb3 48. g5+ Kg6 49. Kxf3 Kf5 50. Ke3 Ke5 51. f4+ Kxd5 52. Rd4+ Ke6 53. Kd3 Rb1 54. h5 Rd1+ 55. Kc4 d5+ 56. Kc5 Rc1 57. Rd3 Rf1 58. Rxd5 Rxf4 59. Rd6+ Ke7 60. Rg6 Rf5+ 61. Kb6 Rf3 62. c4 Rf4 63. Kb5 Rf5+ 64. c5 Kd7 65. Kb6 Rf4 66. b5 Rh4 67. c6+ Ke7 68. h6 Kf7 69. Rf6+ Ke7 70. Kb7 Rb4 71. b6 Rb1 72. c7 Rd1 73. c8=Q Rd7+ 74. Qxd7+ Kxd7 75. h7 Ke7 76. h8=Q Kd7 77. Qg7+ Ke8 78. Rf8# 1-0

[Event "11th LCC Rapid 2019"]
[Site "London"]
[Date "2019.12.07"]
[Round "3.29"]
[White "Titorenko, Kostyantyn"]
[Black "Trivedi, Aarnavh"]
[Result "0-1"]
[WhiteElo "1772"]
[BlackElo "1761"]
[PlyCount "120"]
[EventDate "2019.12.08"]
[EventType "swiss"]
[EventCountry "ENG"]
[TimeControl "15+10"]
[WhiteClock "0:04:45"]
[BlackClock "0:02:21"]

1. e4 c6 2. Nc3 d5 3. Qf3 d4 4. Nce2 e5 5. d3 Nf6 6. h3 h6 7. Qg3 Qc7 8. Nxd4 Bd6 9. Qxg7 exd4 10. Qxh8+ Ke7 11. Qxh6 Bb4+ 12. Bd2 Bd6 13. Nf3 Be6 14. Nxd4 Qb6 15. Bc3 Nbd7 16. Nxe6 Kxe6 17. Qe3 Qc7 18. O-O-O Bf4 19. Be2 Bxe3+ 20. fxe3 b5 21. g4 Qb6 22. Bd2 Ne5 23. g5 Nfd7 24. d4 Nc4 25. Bg4+ Ke7 26. Rhf1 Nxd2 27. Rxd2 Rf8 28. Rdf2 Qc7 29. e5 c5 30. c3 cxd4 31. exd4 b4 32. Kc2 bxc3 33. bxc3 Nb6 34. g6 Ke8 35. g7 Rg8 36. Rxf7 Qxf7 37. Rxf7 Kxf7 38. Kd3 Rxg7 39. c4 Rg5 40. c5 Nd5 41. a3 Ke7 42. Ke4 Nc3+ 43. Kf4 Rg8 44. e6 Rd8 45. Ke5 Rd5+ 46. Kf4 Rxd4+ 47. Ke3 Rc4 48. Kd3 Rxc5 49. Kc2 Ne4+ 50. Kb3 Nf2 51. Kb4 Re5 52. Bf3 Nxh3 53. a4 Nf4 54. Bc6 Kxe6 55. Bb5 Kd6 56. Ka5 Kc7 57. Ka6 Kb8 58. Bf1 Ne6 59. Bb5 Nc7+ 60. Ka5 a6 0-1

[Event "11th LCC Rapid 2019"]
[Site "London"]
[Date "2019.12.07"]
[Round "4.1"]
[White "Hebden, Mark L"]
[Black "Harvey, Marcus R"]
[Result "1/2-1/2"]
[WhiteElo "2433"]
[BlackElo "2412"]
[PlyCount "127"]
[EventDate "2019.12.08"]
[EventType "swiss"]
[EventCountry "ENG"]
[TimeControl "15+10"]
[WhiteClock "0:02:45"]
[BlackClock "0:01:06"]

1. d4 Nf6 2. Nf3 b6 3. Bg5 Bb7 4. Nbd2 g6 5. Bxf6 exf6 6. e4 Bh6 7. Bd3 O-O 8. O-O d5 9. exd5 Bxd5 10. Be4 Bxe4 11. Nxe4 f5 12. Ned2 Qd5 13. c3 Nd7 14. Qb3 Nf6 15. Qxd5 Nxd5 16. Nc4 Rfe8 17. Rfe1 f6 18. g3 Kf7 19. Rxe8 Rxe8 20. Kf1 Re4 21. Ncd2 Re7 22. Re1 b5 23. Rxe7+ Kxe7 24. Ke2 Kd6 25. Kd3 g5 26. Ng1 g4 27. f4 gxf3 28. Ndxf3 Bc1 29. Kc2 Be3 30. Ne2 Bf2 31. Kd3 Be3 32. Nh4 Ke6 33. Ng2 Bh6 34. Nef4+ Kd6 35. Nxd5 Kxd5 36. Nf4+ Kd6 37. c4 bxc4+ 38. Kxc4 Kc6 39. Nd5 Bc1 40. b4 Kd6 41. b5 h6 42. Nxf6 f4 43. g4 f3 44. Kd3 Ke6 45. Ne4 Kd5 46. h4 Bb2 47. Nf6+ Ke6 48. Nh5 Kd5 49. Ng3 Bxd4 50. Nf5 Bf6 51. Ke3 Kc5 52. Kxf3 Kxb5 53. Kg3 Be5+ 54. Kf3 Bf6 55. h5 Bg5 56. Ke4 Kb4 57. Kd3 Ka3 58. Nd4 Kxa2 59. Kc4 Kb2 60. Ne6 Bd2 61. Nxc7 a5 62. Kb5 Kc3 63. Ne6 Kd3 64. g5 1/2-1/2

[Event "11th LCC Rapid 2019"]
[Site "London"]
[Date "2019.12.07"]
[Round "4.2"]
[White "O'Gorman, Tom"]
[Black "Arkell, Keith C"]
[Result "0-1"]
[WhiteElo "2001"]
[BlackElo "2453"]
[PlyCount "176"]
[EventDate "2019.12.08"]
[EventType "swiss"]
[EventCountry "ENG"]
[TimeControl "15+10"]
[WhiteClock "0:07:04"]
[BlackClock "0:00:30"]

1. e4 c6 2. d4 d5 3. Nd2 dxe4 4. Nxe4 Nd7 5. Ng5 Ngf6 6. Bd3 Nb6 7. N1f3 h6 8. Ne4 Nxe4 9. Bxe4 Bg4 10. h3 Bxf3 11. Bxf3 g6 12. O-O Bg7 13. c3 O-O 14. Re1 e6 15. Bf4 Nd5 16. Bg3 Qd7 17. Qb3 Rfd8 18. Rad1 b5 19. a4 a6 20. axb5 axb5 21. Ra1 h5 22. Ra2 Rxa2 23. Qxa2 Bf6 24. Ra1 h4 25. Bh2 b4 26. Qc4 bxc3 27. bxc3 Qb7 28. Rd1 Qb2 29. Bxd5 cxd5 30. Qc7 Ra8 31. Bf4 Ra2 32. Be3 Bg5 33. Qe5 Bxe3 34. Qxe3 Qc2 35. Rc1 Qf5 36. Qf3 Qxf3 37. gxf3 Ra4 38. Kf1 Kg7 39. Ke2 Kf6 40. Ke3 Kf5 41. Rc2 Ra1 42. c4 dxc4 43. Rxc4 g5 44. Rc5+ Kf6 45. f4 Ra3+ 46. Ke4 gxf4 47. f3 Kg6 48. Kxf4 Rd3 49. Ke4 Rd1 50. Rc3 Re1+ 51. Kf4 Rg1 52. Rc2 Rg3 53. Rh2 f6 54. Re2 Kf7 55. Rh2 Ke7 56. Rh1 Kd6 57. Ke4 f5+ 58. Ke3 Kd5 59. Rh2 Rg1 60. Re2 Rh1 61. Kf4 Rxh3 62. Re5+ Kd6 63. Ra5 Rh1 64. d5 exd5 65. Kxf5 h3 66. Kf4 Rg1 67. Ra6+ Kc5 68. Rh6 Rh1 69. Rh8 d4 70. Kg3 d3 71. Rd8 Kc4 72. f4 Rf1 73. Rc8+ Kd4 74. Rd8+ Kc3 75. Rc8+ Kb2 76. Rb8+ Kc2 77. Rc8+ Kd1 78. Rc4 Rh1 79. f5 d2 80. f6 Rf1 81. Rc6 Ke2 82. Re6+ Kd3 83. Rd6+ Kc2 84. Rc6+ Kb3 85. Rb6+ Kc4 86. Rd6 d1=Q 87. Rxd1 Rxd1 88. Kxh3 Rf1 0-1

[Event "11th LCC Rapid 2019"]
[Site "London"]
[Date "2019.12.07"]
[Round "4.3"]
[White "Gordon, Stephen J"]
[Black "Myall, Ivan J"]
[Result "1-0"]
[WhiteElo "2495"]
[BlackElo "1994"]
[PlyCount "97"]
[EventDate "2019.12.08"]
[EventType "swiss"]
[EventCountry "ENG"]
[TimeControl "15+10"]

1. c4 e5 2. g3 c6 3. d4 e4 4. Qa4 Nf6 5. Nc3 a5 6. Bg2 Bb4 7. Nh3 O-O 8. Bg5 h6 9. Bxf6 Qxf6 10. e3 d5 11. cxd5 cxd5 12. Nf4 Bxc3+ 13. bxc3 Qc6 14. Qxc6 bxc6 15. c4 g5 16. Ne2 Ba6 17. cxd5 cxd5 18. Nc3 Bc4 19. Bf1 Bxf1 20. Rxf1 Rd8 21. f3 exf3 22. Rxf3 Nc6 23. Rc1 Rac8 24. Kd2 Ne7 25. Rf6 Kg7 26. Rcf1 Rf8 27. Rd6 Rcd8 28. Rff6 Rb8 29. Rb6 Rfc8 30. Rxh6 Ng6 31. Rxb8 Rxb8 32. Rh5 f6 33. h4 Rb2+ 34. Kd3 Rg2 35. hxg5 Rxg3 36. gxf6+ Kxf6 37. Nxd5+ Kg7 38. Ke4 Rg2 39. Nc3 Rc2 40. Kd3 Rg2 41. Rxa5 Nh4 42. Nd5 Nf3 43. Ra7+ Kf8 44. Nf4 Ne1+ 45. Ke4 Rh2 46. a4 Ra2 47. a5 Nc2 48. Nd5 Ne1 49. a6 1-0

[Event "11th LCC Rapid 2019"]
[Site "London"]
[Date "2019.12.07"]
[Round "4.4"]
[White "Willow, Jonah B"]
[Black "Clarke, Brandon Gi"]
[Result "1-0"]
[WhiteElo "2355"]
[BlackElo "2380"]
[PlyCount "69"]
[EventDate "2019.12.08"]
[EventType "swiss"]
[EventCountry "ENG"]
[TimeControl "15+10"]
[WhiteClock "0:00:13"]
[BlackClock "0:02:43"]

1. e4 c5 2. Nf3 d6 3. Nc3 Nf6 4. e5 dxe5 5. Nxe5 Nbd7 6. d4 e6 7. Bf4 cxd4 8. Qxd4 Bc5 9. Qa4 O-O 10. O-O-O Qe7 11. g4 Nb6 12. Qb3 Nfd5 13. Bg3 Bxf2 14. Bxf2 Qg5+ 15. Kb1 Qxe5 16. Bd4 Qc7 17. Nb5 Qc6 18. Bg2 Bd7 19. Na3 Rfc8 20. Bxb6 axb6 21. Rhg1 b5 22. Bxd5 exd5 23. Qxd5 Be6 24. Qxc6 bxc6 25. c3 Ra4 26. h3 h5 27. gxh5 Rh4 28. Rg5 f6 29. Rc5 Kf7 30. Nc2 Rxh3 31. Nd4 Bd5 32. Nxb5 Rd8 33. Nd4 Rxh5 34. Kc1 Bxa2 35. Rxh5 1-0